 Dungeon Crawl Stone Soup version 0.27-a0-604-g29a88b33a7 (webtiles) character file.

Game seed: 11946370348738421835

5151 ReteAZ the Blocker (level 10, -8/82 HPs)
             Began as a Gnoll Fighter on Mar 12, 2021.
             Was an Initiate of Ashenzari.
             Mangled by an orc warrior
             ... wielding a +0 trident
              (9 damage)
             ... on level 8 of the Dungeon.
             The game lasted 00:13:17 (13163 turns).

ReteAZ the Blocker (Gnoll Fighter)                 Turns: 13163, Time: 00:13:18

Health: -8/82      AC:  8    Str: 16    XL:     10   Next: 59%
Magic:  18/18      EV: 10    Int: 10    God:    Ashenzari [......]
Gold:   438        SH:  0    Dex: 12    Spells: 19/19 levels left

rFire    . . .     SeeInvis .   y - +2 spear (pain)
rCold    . . .     Faith    .   b - +0 kite shield
rNeg     + . .     Spirit   .   a - +0 scale mail
rPois    .         Reflect  .   (no helmet)
rElec    .         Harm     .   (no cloak)
rCorr    .         Rampage  .   (no gloves)
Will     .....                  (no boots)
Stlth    ..........             (no amulet)
HPRegen  0.23/turn              D - ring of positive energy
MPRegen  0.16/turn              (no ring)

@: confused
A: fangs 1, strong nose, distributed training
a: Renounce Religion, Curse Item


You were on level 8 of the Dungeon.
You worshipped Ashenzari.
Ashenzari was noncommittal.
You visited 2 branches of the dungeon, and saw 9 of its levels.

You collected 483 gold pieces.
You spent 45 gold pieces at shops.

Inventory:

Hand Weapons
 w - a +2 whip of freezing
 x - a +1 vorpal spear
 y - a +2 spear of pain (weapon)
 z - a +1 spear of freezing
 F - a +3 scimitar
 G - a +5 scimitar
Missiles
 r - 64 poisoned darts (quivered)
 s - 3 javelins
Armour
 a - a +0 scale mail (worn)
 b - a +0 kite shield (worn)
Jewellery
 k - an amulet of faith
 D - a ring of positive energy (right hand)
Wands
 H - a wand of flame (26)
Scrolls
 d - 2 scrolls of enchant armour
 e - 5 scrolls of identify
 f - 5 scrolls of fear
 h - a scroll of noise
 l - 3 scrolls of random uselessness
 n - 2 scrolls of amnesia
 o - a scroll of fog
 p - 4 scrolls of magic mapping
 u - 2 scrolls of immolation
 J - a scroll of enchant weapon
Potions
 c - a potion of might
 g - a potion of berserk rage
 i - a potion of lignification
 m - 5 potions of degeneration
 q - a potion of cancellation
 t - 2 potions of attraction
 v - 2 potions of brilliance
 A - 3 potions of flight
 B - a potion of haste
 C - a potion of resistance
 E - a potion of mutation
 I - a potion of magic


   Skills:
 + Level 8.6 Fighting
 + Level 5.4 Short Blades
 + Level 5.4 Long Blades
 + Level 5.4 Axes
 + Level 5.4 Maces & Flails
 + Level 5.4 Polearms
 + Level 5.4 Staves
 + Level 5.4 Slings
 + Level 5.4 Bows
 + Level 5.4 Crossbows
 + Level 5.4 Throwing
 + Level 8.6 Armour
 + Level 5.4 Dodging
 + Level 5.4 Stealth
 + Level 8.6 Shields
 + Level 7.2 Unarmed Combat
 + Level 5.4 Spellcasting
 + Level 4.4 Conjurations
 + Level 4.4 Hexes
 + Level 4.4 Summonings
 + Level 4.4 Necromancy
 + Level 4.4 Translocations
 + Level 4.4 Transmutations
 + Level 4.4 Fire Magic
 + Level 4.4 Ice Magic
 + Level 4.4 Air Magic
 + Level 4.4 Earth Magic
 + Level 4.4 Poison Magic
 + Level 6.0 Invocations
 + Level 5.4 Evocations


You had 19 spell levels left.
You didn't know any spells.
Your spell library was empty.

Dungeon Overview and Level Annotations

Branches:
Dungeon (8/15)             Temple (1/1) D:4
   Lair: D:8-11

Altars:
Ashenzari
Cheibriados
Dithmenos
Elyvilon
Gozag
Hepliaklqana
Kikubaaqudgha
Makhleb
Nemelex Xobeh
Okawaru
Qazlal
Ru
Sif Muna
Trog
Uskayaw
Vehumet
Wu Jian
Xom
Zin
The Shining One

Shops:
D:4 ?


Innate Abilities, Weirdness & Mutations

You have very sharp teeth.
Your uncanny sense of smell can sniff out nearby items.
Your experience applies equally to all skills.


Message History

You are too injured to fight recklessly!
You are too injured to fight recklessly!
You are too injured to fight recklessly!
You are too injured to fight recklessly!
You are too injured to fight recklessly!
You hit the orc wizard.
The orc wizard is heavily wounded.
The orc warrior closely misses you.
The orc wizard points at you and mumbles some strange words.
The puff of flame hits you.
You barely miss the orc wizard.
The orc wizard is heavily wounded.
The orc warrior hits you from afar with a +0 trident.
The orc wizard casts a spell at you.
You easily resist.
You hit the orc wizard.
The orc wizard writhes in agony.
The orc wizard is almost dead.
The orc warrior hits you from afar with a +0 trident!
* * * LOW HITPOINT WARNING * * *
The orc wizard drinks a potion.
The orc wizard is healed!
An orc wizard comes into view.
It is wielding a +0 lajatang and wearing a +2 robe of fire resistance.
You block the orc wizard's attack.
The orc wizard casts a spell at itself.
The orc wizard flickers and vanishes!
Deactivating autopickup; reactivate with Ctrl-A.
The orc wizard casts a spell at you. The magic dart hits you.
* * * LOW HITPOINT WARNING * * *
The orc wizard casts a spell at you. The puff of flame hits you.
* * * LOW HITPOINT WARNING * * *
The orc wizard gestures at itself while chanting.
The orc wizard flickers and vanishes!
Something tries to affect you, but you resist.
You are confused.
The orc warrior hits you from afar with a +0 trident!
* * * LOW HITPOINT WARNING * * *
You bump into the rock wall.
The orc warrior hits you from afar with a +0 trident!
You die...

.............###.#..........##
...###....#..###.#......)<...##
...# #.........#.#..[<..[.....##
...# #.....#.#.#...............#
...###...#.....#.#<............#
.................).)...........#
P...P####.....o...............##
P..PP.....##.....#######.....(#
..P.P...####..##@# #........#
...P..P.###...##.# #........#
P...P....##..###.# #..........#
####P..P.....# #.# [...#.....##
# #P.P.P.#.## #.. .#.####....#
#∆ #...P....# ... .. ######
#.P.P...... ..# .P.............#
.......).......


You could see an orc warrior.

Vanquished Creatures
  A two-headed ogre (D:7)
  Pikel (D:6)
  A hornet (D:7)
  Menkaure (D:7)
  Duvessa (D:6)
  4 sky beasts
  4 black bears
  5 ogres
  A centaur (D:5)
  3 lemures
  A kobold brigand (D:7)
  A gnoll sergeant (D:3)
  3 bullfrogs
  Dowan (D:6)
  4 scorpions
  5 wights (D:6)
  6 killer bees (D:8)
  An electric eel (D:7)
  A howler monkey (D:5)
  2 lava snakes (D:7)
  5 hounds
  2 bullfrog skeletons
  A gnoll shaman (D:3)
  A jelly (D:7)
  3 orc priests
  2 orc wizards
  4 worker ants
  A hound zombie (D:7)
  A howler monkey zombie (D:5)
  39 gnolls (D:3)
  9 adders
  A shadow imp (D:6)
  2 white imps
  An ufetubus (D:6)
  An ooze (D:4)
  3 worms
  5 dart slugs
  6 leopard geckos
  18 orcs
  6 bats
  5 giant cockroaches
  4 goblins
  5 hobgoblins
  20 jackals
  2 quokkas
  A ball python (D:1)
  3 frilled lizards
  11 kobolds
  A leopard gecko skeleton (D:4)
  11 rats
221 creatures vanquished.

Vanquished Creatures (others)
  3 fungi (D:8)
  3 plants
6 creatures vanquished.

Grand Total: 227 creatures vanquished

Notes
Turn   | Place    | Note
-------+----------+-------------------------------------------
     0 | D:1      | ReteAZ the Gnoll Fighter began the quest for the Orb.
     0 | D:1      | Reached XP level 1. HP: 23/23 MP: 1/1
   113 | D:1      | Reached XP level 2. HP: 29/29 MP: 2/2
   476 | D:1      | Reached XP level 3. HP: 35/35 MP: 3/3
   832 | D:2      | Reached skill level 1 in Invocations
   954 | D:2      | Reached skill level 1 in Short Blades
   954 | D:2      | Reached skill level 1 in Long Blades
   954 | D:2      | Reached skill level 1 in Axes
   954 | D:2      | Reached skill level 1 in Maces & Flails
   954 | D:2      | Reached skill level 1 in Polearms
   954 | D:2      | Reached skill level 1 in Staves
   954 | D:2      | Reached skill level 1 in Slings
   954 | D:2      | Reached skill level 1 in Bows
   954 | D:2      | Reached skill level 1 in Crossbows
   954 | D:2      | Reached skill level 1 in Throwing
   954 | D:2      | Reached skill level 1 in Dodging
   954 | D:2      | Reached skill level 1 in Stealth
   954 | D:2      | Reached skill level 1 in Spellcasting
   954 | D:2      | Reached skill level 1 in Evocations
  1128 | D:2      | Reached XP level 4. HP: 36/41 MP: 5/5
  1366 | D:2      | Found a shadowy altar of Dithmenos.
  1791 | D:3      | Reached skill level 1 in Conjurations
  1791 | D:3      | Reached skill level 1 in Hexes
  1791 | D:3      | Reached skill level 1 in Summonings
  1791 | D:3      | Reached skill level 1 in Necromancy
  1791 | D:3      | Reached skill level 1 in Translocations
  1791 | D:3      | Reached skill level 1 in Transmutations
  1791 | D:3      | Reached skill level 1 in Fire Magic
  1791 | D:3      | Reached skill level 1 in Ice Magic
  1791 | D:3      | Reached skill level 1 in Air Magic
  1791 | D:3      | Reached skill level 1 in Earth Magic
  1791 | D:3      | Reached skill level 1 in Poison Magic
  1893 | D:3      | Reached XP level 5. HP: 32/47 MP: 6/6
  2586 | D:3      | Found a white marble altar of Elyvilon.
  2793 | D:3      | Found a shimmering altar of Xom.
  2871 | D:3      | Reached XP level 6. HP: 30/53 MP: 8/8
  3387 | D:3      | Reached skill level 5 in Unarmed Combat
  4098 | D:3      | Reached XP level 7. HP: 26/59 MP: 10/10
  4892 | D:4      | Found Witorauw's Magic Scroll Shoppe.
  4895 | D:4      | Found a staircase to the Ecumenical Temple.
  4901 | D:4      | Bought a scroll of fear for 45 gold pieces
  4924 | Temple   | Entered the Ecumenical Temple
  5074 | Temple   | Became a worshipper of Ashenzari the Shackled
  5238 | D:4      | Found a radiant altar of Vehumet.
  5335 | D:4      | Found an iron altar of Okawaru.
  5678 | D:5      | Entered Level 5 of the Dungeon
  6121 | D:5      | Reached XP level 8. HP: 63/67 MP: 12/12
  6478 | D:5      | Found a glowing silver altar of Zin.
  6479 | D:5      | Found an opulent altar of Gozag.
  7209 | D:6      | Noticed Dowan
  7209 | D:6      | Noticed Pikel
  7212 | D:6      | Noticed Duvessa
  8170 | D:6      | Killed Duvessa
  8171 | D:6      | Reached XP level 9. HP: 27/73 MP: 14/14
  8175 | D:6      | Killed Dowan
  8857 | D:6      | HP: 3/73 [lemure[Pikel] (6)]
  9216 | D:6      | Killed Pikel
  9679 | D:7      | Noticed Menkaure
  9689 | D:7      | Killed Menkaure
  9690 | D:7      | Reached skill level 5 in Invocations
  9837 | D:7      | Found a stormy altar of Qazlal.
  9839 | D:7      | Noticed a hornet
  9854 | D:7      | Paralysed by a hornet for 3 turns
  9857 | D:7      | Killed a hornet
 10302 | D:7      | Reached XP level 10. HP: 50/80 MP: 17/17
 10532 | D:7      | Noticed a two-headed ogre
 10543 | D:7      | Killed a two-headed ogre
 10544 | D:7      | Reached skill level 5 in Short Blades
 10544 | D:7      | Reached skill level 5 in Long Blades
 10544 | D:7      | Reached skill level 5 in Axes
 10544 | D:7      | Reached skill level 5 in Maces & Flails
 10544 | D:7      | Reached skill level 5 in Polearms
 10544 | D:7      | Reached skill level 5 in Staves
 10544 | D:7      | Reached skill level 5 in Slings
 10544 | D:7      | Reached skill level 5 in Bows
 10544 | D:7      | Reached skill level 5 in Crossbows
 10544 | D:7      | Reached skill level 5 in Throwing
 10544 | D:7      | Reached skill level 5 in Dodging
 10544 | D:7      | Reached skill level 5 in Stealth
 10544 | D:7      | Reached skill level 5 in Spellcasting
 10544 | D:7      | Reached skill level 5 in Evocations
 12584 | D:8      | HP: 1/82 [killer bee (8)]
 13161 | D:8      | HP: 1/82 [orc warrior/+0 trident (16)]
 13163 | D:8      | Mangled by an orc warrior

Illustrated notes

Levels and vault maps discovered:
D:1:      lightli_iron_boxes, layout_loops_ring, minmay_domino_2
D:2:      layout_basic, nicolae_dithmenos_through_a_glass_darkly
D:3:      lemuel_castle_with_subvaults [lemuel_castle_interior_carwin_1],
          layout_loops_ring, xom_teletrap_fun, nicolae_elyvilon_temple_path,
          chequers_serial_rivers_micro_a, minmay_tree_intersection,
          columned_hall_lemuel
D:4:      layout_layer_cave, vehumet_crystals, okawaru_trees_1,
          minmay_temple_entry_stoned_glass, serial_shops, shop_scrolls,
          serial_park_tiny_2, grunt_decor_fettered
D:5:      layout_loops_corners, grunt_temple_overflow_gold_and_silver,
          portal_sewer_entry_c, st_stairs_13, grunt_ministairs_6
D:6:      layout_basic, uniq_pikel, uniq_duvessa
D:7:      layout_loops_ring, kennysheep_mini_moat, nicolae_lava_and_water,
          grunt_decor_resistance, uniq_menkaure
D:8:      layout_rooms, grunt_lair_entry_orc_guard_hut
Temple:   nicolae_temple_figure_eight

Skill      XL: |  1  2  3  4  5  6  7  8  9 10 |
---------------+-------------------------------+-----
Invocations    | 1 2 3 4 5 6 |  6.0
Short Blades   | 1 2 3 4 5 |  5.4
Long Blades    | 1 2 3 4 5 |  5.4
Axes           | 1 2 3 4 5 |  5.4
Maces & Flails | 1 2 3 4 5 |  5.4
Polearms       | 1 2 3 4 5 |  5.4
Staves         | 1 2 3 4 5 |  5.4
Slings         | 1 2 3 4 5 |  5.4
Bows           | 1 2 3 4 5 |  5.4
Crossbows      | 1 2 3 4 5 |  5.4
Throwing       | 1 2 3 4 5 |  5.4
Dodging        | 1 2 3 4 5 |  5.4
Stealth        | 1 2 3 4 5 |  5.4
Spellcasting   | 1 2 3 4 5 |  5.4
Evocations     | 1 2 3 4 5 |  5.4
Conjurations   | 1 2 3 4 |  4.4
Hexes          | 1 2 3 4 |  4.4
Summonings     | 1 2 3 4 |  4.4
Necromancy     | 1 2 3 4 |  4.4
Translocations | 1 2 3 4 |  4.4
Transmutations | 1 2 3 4 |  4.4
Fire Magic     | 1 2 3 4 |  4.4
Ice Magic      | 1 2 3 4 |  4.4
Air Magic      | 1 2 3 4 |  4.4
Earth Magic    | 1 2 3 4 |  4.4
Poison Magic   | 1 2 3 4 |  4.4
Unarmed Combat | 5 6 7 |  7.2
Fighting       | 7 8 |  8.6
Armour         | 7 8 |  8.6
Shields        | 7 8 |  8.6

Action                   |  1- 3 |  4- 6 |  7- 9 | 10-12 || total
-------------------------+-------+-------+-------+-------++-------
Melee: Unarmed           |   123 |   325 |    25 |       ||   473
       Bite              |     8 |    36 |    62 |    24 ||   130
       Spear             |       |       |   551 |   247 ||   798
       Whip              |       |       |    44 |       ||    44
Throw: Dart              |       |     2 |     7 |       ||     9
Evoke: Wand              |       |       |    16 |     7 ||    23
  Use: Potion            |       |       |     2 |     6 ||     8
 Stab: Sleeping          |       |       |       |     1 ||     1
Armor: Scale mail        |    56 |   129 |   179 |    84 ||   448
Dodge: Dodged            |    29 |   109 |   177 |    86 ||   401
Block: Kite shield       |    65 |   188 |   281 |   144 ||   678

Table legend: (Time is in decaauts)
 A = Elapsed time spent in this place.
 B = Non-inter-level travel time spent in this place.
 C = Inter-level travel time spent in this place.
 D = Time resting spent in this place.
 E = Time spent auto-exploring this place.
 F = Levels seen in this place.
 G = Mean time per level.
                   A        B        C        D        E       F      G
               +--------+--------+--------+--------+--------+-----+--------+
         Total |  13255 |  12968 |    287 |   3508 |   7142 |   9 | 1472.8 |
       Dungeon |  13052 |  12790 |    262 |   3508 |   6966 |   8 | 1631.5 |
        Temple |    203 |    178 |     25 |      0 |    176 |   1 |  203.0 |
               +--------+--------+--------+--------+--------+-----+--------+

Top non-repeatable levels by time:
     D:3: 3425 daAuts
     D:7: 2313 daAuts
     D:5: 1886 daAuts
     D:6: 1861 daAuts
     D:8: 1461 daAuts
     D:1: 824 daAuts
     D:4: 712 daAuts
     D:2: 567 daAuts
  Temple: 203 daAuts
